 Dungeon Crawl Stone Soup version 0.29.1-15-g9cfb28693d (webtiles) character file.

Game seed: 9648198978070582128

102 croobank the Sneak (level 4, -2/23 HPs)
             Began as a Spriggan Brigand on Feb 24, 2023.
             Was a Follower of Dithmenos.
             Killed by divine providence
             ... invoked by an orc priest
              (12 damage)
             ... on level 3 of the Dungeon.
             The game lasted 00:06:02 (3152 turns).

croobank the Sneak (Spriggan Brigand)               Turns: 3152, Time: 00:06:03

Health: -2/23      AC:  3    Str:  7    XL:     4   Next: 50%
Magic:  6/6        EV: 17    Int: 14    God:    Dithmenos [*.....]
Gold:   32         SH:  0    Dex: 16    Spells: 5/5 levels left

rFire   . . .      SeeInvis +   a - +2 dagger
rCold   . . .      Faith    .   (no shield)
rNeg    . . .      Spirit   .   o - +0 robe
rPois   .          Reflect  .   (helmet restricted)
rElec   .          Harm     .   c - +0 cloak
rCorr   .          Rampage  .   (gloves unavailable)
Will    .....                   (boots unavailable)
Stlth   ++++......              (no amulet)
HPRegen 0.07/turn               (no ring)
MPRegen 0.10/turn               (no ring)

@: wreathed by umbra, very quick
A: very small, no large weapons, unfitting armour, see invisible, speed 3
a: Renounce Religion


You were on level 3 of the Dungeon.
You worshipped Dithmenos.
Dithmenos was aware of your devotion.
You visited 1 branch of the dungeon, and saw 3 of its levels.

You collected 32 gold pieces.

Inventory:

Hand Weapons
 a - a +2 dagger (weapon)
 b - a +0 sling
 m - a +0 short sword
 r - a +1 dagger of flaming
Missiles
 d - 9 poisoned darts
 e - 5 curare-tipped darts (quivered)
Armour
 c - a +0 cloak (worn)
 o - a +0 robe (worn)
Jewellery
 g - a ring of fire
Wands
 q - a wand of polymorph (13)
Scrolls
 h - 2 scrolls of vulnerability
 i - a scroll of teleportation
Potions
 f - a potion of curing
 p - a potion of haste


   Skills:
 + Level 2.0 Fighting
 + Level 2.9 Short Blades
 + Level 2.5 Throwing
 + Level 2.6 Dodging
 * Level 7.0 Stealth
 + Level 1.1 Spellcasting


You had 5 spell levels left.
You didn't know any spells.
Your spell library was empty.

Dungeon Overview and Level Annotations

Branches:
Dungeon (3/15)

Altars:
Dithmenos

Annotations:
D:2 1 runed translucent door, Crazy Yiuf


Innate Abilities, Weirdness & Mutations

You are very small and have problems with some larger weapons.
You are too small for most types of armour.
You have supernaturally acute eyesight. (SInv)
You cover ground extremely quickly. (Speed+++)


Message History

The orc misses you.
You hit the orc.
The orc is heavily wounded.
The orc completely misses you.
You hit the orc.
The orc is severely wounded.
The orc barely misses you.
You completely miss the orc.
The orc is severely wounded.
The orc barely misses you.
You hit the orc.
You kill the orc!
Dithmenos accepts your kill.
Your Stealth skill increases to level 7!
The orc closely misses you.
Items here: )) [[ †.
You hit the orc.
The orc is heavily wounded.
The orc closely misses you.
You barely miss the orc.
The orc is heavily wounded.
The orc barely misses you.
You hit the orc.
You kill the orc!
Dithmenos accepts your kill.
The orc priest invokes the aid of Beogh against you.
Pain shoots through your body!
Things that are here:
a +0 hand axe; an orc corpse You are too injured to fight recklessly!
You are too injured to fight recklessly!
You are too injured to fight recklessly!
You closely miss the orc priest. The orc priest closely misses you.
You closely miss the orc priest.
The orc priest hits you with a +0 dagger.
You hit the orc priest but do no damage.
The orc priest calls down the wrath of Beogh upon you.
Beogh smites you!
Ouch! That really hurt!
You die...

#### .o# #o#
#@# #)# ##.##
###
.####...###.##
.............#
#####...###.##
##.## #.# #.#
#.# #.#
#.########


You could see an orc priest and an orc.

Vanquished Creatures
  Terence (D:2)
  2 adders (D:2)
  A worm (D:2)
  3 orcs (D:3)
  2 endoplasms
  5 giant cockroaches
  3 hobgoblins
  4 quokkas
  7 ball pythons
  5 bats
  6 frilled lizards
  7 goblins
  2 kobolds (D:1)
  5 rats
53 creatures vanquished.

Vanquished Creatures (others)
  A fungus (D:2)
1 creature vanquished.

Grand Total: 54 creatures vanquished

Notes
Turn   | Place    | Note
-------+----------+-------------------------------------------
     0 | D:1      | croobank the Spriggan Brigand began the quest for the Orb.
     0 | D:1      | Reached XP level 1. HP: 10/10 MP: 2/2
   368 | D:1      | Reached skill level 6 in Stealth
   766 | D:1      | Reached XP level 2. HP: 12/15 MP: 3/3
  1714 | D:2      | Reached XP level 3. HP: 18/18 MP: 4/4
  1927 | D:2      | Noticed Terence
  1942 | D:2      | Killed Terence
  1993 | D:2      | Reached XP level 4. HP: 20/23 MP: 6/6
  2497 | D:2      | Found a faded altar of an unknown god.
  2576 | D:2      | Prayed at the altar of an unknown god.
  2576 | D:2      | Became a worshipper of Dithmenos the Shadowed
  2576 | D:2      | Reached * piety under Dithmenos
  2681 | D:2      | Reached skill level 1 in Spellcasting
  3027 | D:2      | Found a runed translucent door.
  3028 | D:2      | Noticed Crazy Yiuf
  3145 | D:3      | Reached skill level 7 in Stealth
  3152 | D:3      | Killed from afar by an orc priest

Illustrated notes

Levels and vault maps discovered:
D:1:      lightli_molten_gateway, layout_basic, wad_floor_pattern_2, st_stairs_3
D:2:      layout_basic, ebering_ecumenical_altar_hall, uniq_crazy_yiuf_cottage,
          uniq_terence
D:3:      layout_loops_ring

Skill      XL: |  1  2  3  4 |
---------------+-------------+-----
Stealth        | 6 7 |  7.0
Dodging        | 2 |  2.6
Fighting       | 2 |  2.0
Spellcasting   | 1 |  1.1
Short Blades   | |  2.9
Throwing       | |  2.5

Action                   |  1- 3 |  4- 6 || total
-------------------------+-------+-------++-------
Melee: Dagger            |   106 |    77 ||   183
Throw: Dart              |     2 |       ||     2
  Use: Scroll            |       |     7 ||     7
 Stab: Sleeping          |    10 |     6 ||    16
Armor: Robe              |    16 |     5 ||    21
Dodge: Dodged            |    69 |    39 ||   108
